AoeStats
← I QUIT FOR THE SICK MAP

Oasis

507458681Analyzed
4v4 RM · 14d ago on Sep 18, 2026· 45m 27s· 8 players
Game mode
Random Map
Map size
Large (8 player)
Population
200
Speed
Normal
Resources
Standard
Victory
Conquest
Starting age
Dark Age
Ending age
Imperial Age
RankedLock teamsTeams togetherTeam positionsShared explorationLock speedFull tech treeHidden civsTurbo modeCheats
Victory
Defeat
🇨🇳 Wei · China
772
+14
🇯🇵 Hindustanis · Japan
703
+17
🇨🇳 Vikings · China
686
+17
🇨🇳 Chinese · China
683
+18
🇨🇳 Mongols · China
781
-19
🇹🇷 Wu · Türkiye
760
-18
🇮🇹 Japanese · Italy
745
-17
🇮🇹 Goths · Italy
599
-12
Tamerlane
10:36 Loom
14:20 Feudal Age
19:42 Castle Age
20:05 Horse Collar
20:12 Double-Bit Axe
21:56 Bow Saw
23:07 Town Watch
28:34 Gold Mining
28:34 Stone Mining
35:46 Gold Shaft Mining
35:13 Town Patrol
37:22 Fletching
37:32 Padded Archer Armor
38:12 Caravan
38:42 Coinage
41:42 Imperial Age
39:30 Bodkin Arrow
39:50 Leather Archer Armor
39:07 Elite Skirmisher
40:03 Leather Archer Armor
39:44 Man-at-Arms
40:09 Gambesons
40:25 Squires
40:47 Forging
40:39 Scale Mail Armor
41:16 Ballistics
41:29 Fortified Wall
41:29 Masonry
41:00 Treadmill Crane
41:16 Murder Holes
42:33 Iron Casting
42:13 Chain Mail Armor
42:24 Bracer
43:25 Chemistry
42:33 Siege Engineers
43:01 Ring Archer Armor
41:55 Long Swordsman
42:20 Arson
43:04 Two-Handed Swordsman
44:16 Plate Mail Armor
44:29 Conscription
45:28 Two-Man Saw
44:34 Heavy Plow
45:37 Blast Furnace
45:40 Architecture
45:20 Champion
I QUIT FOR THE SICK MAP
0:47 Loom
12:58 Feudal Age
17:48 Castle Age
16:11 Horse Collar
17:02 Double-Bit Axe
24:01 Bow Saw
24:21 Heavy Plow
27:20 Wheelbarrow
26:51 Gold Mining
27:21 Stone Mining
31:36 Imperial Age
30:42 Hand Cart
30:47 Padded Archer Armor
30:38 Fletching
32:38 Thumb Ring
32:59 Parthian Tactics
33:34 Crop Rotation
33:51 Gold Shaft Mining
33:51 Stone Shaft Mining
33:38 Bloodlines
33:29 Husbandry
32:49 Light Cavalry
32:56 Light Cavalry
33:36 Husbandry
34:06 Leather Archer Armor
33:46 Bodkin Arrow
33:58 Scale Barding Armor
35:35 Ring Archer Armor
35:16 Forging
34:28 Hussar
36:25 Bracer
37:06 Chain Barding Armor
37:32 Treadmill Crane
38:13 Ballistics
38:53 Chemistry
37:36 Treadmill Crane
38:08 Tuntian
38:33 Ming Guang Armor
38:29 Conscription
40:29 Iron Casting
41:59 Fortified Wall
42:48 Caravan
46:00 Blast Furnace
komori001
10:30 Feudal Age
12:13 Loom
15:06 Castle Age
14:42 Double-Bit Axe
22:29 Horse Collar
24:57 Wheelbarrow
25:39 Heavy Plow
25:57 Bow Saw
28:24 Gold Mining
32:54 Imperial Age
30:42 Hand Cart
30:46 Bloodlines
30:39 Husbandry
31:10 Scale Barding Armor
31:16 Forging
32:34 Masonry
32:45 Ballistics
32:50 Chain Barding Armor
32:20 Fletching
32:53 Stone Mining
33:39 Gold Shaft Mining
32:58 Town Watch
34:57 Chemistry
35:01 Town Patrol
36:18 Two-Man Saw
35:13 Heavy Camel Rider
37:05 Conscription
37:56 Iron Casting
37:57 Plate Barding Armor
37:33 Siege Engineers
37:33 Imperial Camel Rider
沈玩
10:36 Feudal Age
11:10 Double-Bit Axe
11:09 Horse Collar
20:56 Castle Age
21:58 Gold Mining
21:59 Stone Mining
22:49 Bow Saw
22:48 Heavy Plow
25:09 Wheelbarrow
27:17 Hand Cart
31:11 Gold Shaft Mining
31:26 Forging
31:16 Scale Mail Armor
31:22 Scale Barding Armor
31:22 Padded Archer Armor
36:35 Imperial Age
36:10 Stone Shaft Mining
35:52 Pikeman
36:33 Squires
37:17 Iron Casting
37:03 Chain Barding Armor
39:22 Blast Furnace
38:38 Chain Mail Armor
38:38 Leather Archer Armor
38:30 Halberdier
40:05 Conscription
39:38 Arson
41:01 Plate Barding Armor
40:16 Fletching
40:33 Guard Tower
40:31 Arrowslits
40:59 Masonry
40:45 Murder Holes
41:04 Fortified Wall
41:20 Great Wall
43:05 Two-Man Saw
43:04 Elite Chu Ko Nu
44:04 Caravan
Fede_MvK
1:15 Loom
12:19 Feudal Age
12:50 Double-Bit Axe
13:17 Horse Collar
17:01 Wheelbarrow
22:54 Castle Age
21:25 Scale Mail Armor
21:36 Forging
21:26 Stone Mining
21:30 Gold Mining
27:35 Caravan
28:05 Bow Saw
28:57 Fortified Wall
29:03 Pikeman
32:23 Hand Cart
36:23 Imperial Age
34:33 Chain Mail Armor
34:36 Heavy Plow
35:47 Gold Shaft Mining
35:01 Arson
35:16 Squires
37:52 Conscription
38:12 Plate Mail Armor
38:17 Iron Casting
38:47 Two-Man Saw
37:30 Elite Samurai
40:22 Chemistry
39:44 Halberdier
41:10 Kataparuto
birtanonline
0:57 Loom
13:50 Feudal Age
15:19 Wheelbarrow
14:34 Town Watch
14:50 Double-Bit Axe
14:57 Horse Collar
16:31 Stone Mining
16:58 Gold Mining
mackling
12:09 Feudal Age
16:25 Castle Age
16:23 Horse Collar
19:41 Loom
19:50 Double-Bit Axe
22:39 Heavy Plow
25:38 Wheelbarrow
25:31 Padded Archer Armor
25:42 Forging
25:36 Fletching
30:46 Imperial Age
29:43 Hand Cart
29:34 Town Watch
30:12 Bow Saw
31:04 Stone Mining
33:49 Bloodlines
33:39 Husbandry
34:05 Conscription
38:29 Bodkin Arrow
38:50 Leather Archer Armor
psycho93
0:28 Loom
14:22 Feudal Age
14:45 Horse Collar
14:54 Double-Bit Axe
15:48 Wheelbarrow
15:09 Gold Mining
17:07 Stone Mining
25:29 Castle Age
25:32 Forging
25:23 Scale Mail Armor
25:14 Fletching
30:12 Caravan
31:50 Iron Casting
31:31 Chain Mail Armor
31:11 Bodkin Arrow
31:32 Bow Saw
32:20 Hand Cart
33:00 Stone Shaft Mining
Connection lost

Rejoining the realm…

Still unreachable

The connection could not be restored.

Session expired

The server has moved on; the page needs a fresh start.